 Dungeon Crawl Stone Soup version 0.22-a0-224-g8cf3520 (webtiles) character file.

29 4thArraOfDagon the Chucker (level 3, -10/23 HPs)
             Began as an Octopode Arcane Marksman on Feb 19, 2018.
             Mangled by Sigmund
             ... wielding a +2 scythe of protection
              (15 damage)
             ... on level 2 of the Dungeon.
             The game lasted 00:02:02 (426 turns).

4thArraOfDagon the Chucker (OpAM)                    Turns: 426, Time: 00:02:03

Health: -10/23     AC:  1    Str:  9    XL:     3   Next: 16%
Magic:  4/4        EV: 13    Int: 16    God:
Gold:   72         SH:  0    Dex: 12    Spells: 3/4 levels left

rFire    . . .     SeeInvis .   (no weapon)
rCold    . . .     Gourm    .   (no shield)
rNeg     . . .     Faith    .   (helmet restricted)
rPois    .         Spirit   .   (no amulet)
rElec    .         Reflect  .   (no ring)
rCorr    .         Harm     .   (no ring)
MR       .....                  (no ring)
Stlth    ++........             (no ring)
HPRegen  0.07/turn              (no ring)
MPRegen  0.09/turn              (no ring)
                                (no ring)
                                (no ring)

@: no status effects
A: almost no armour, stealthy swim, amphibious, 8 rings, constrict 8, camouflage
1, gelatinous body 1
a: no special abilities


You were on level 2 of the Dungeon.
You were not hungry.

You visited 1 branch of the dungeon, and saw 2 of its levels.

You collected 72 gold pieces.

Inventory:

Missiles
 b - a javelin
 c - a throwing net (quivered)
Scrolls
 d - a scroll of fear {unknown}
 e - 2 scrolls of fog {unknown}
Comestibles
 a - a ration


   Skills:
 - Level 1.0 Fighting
 * Level 3.5 Throwing
 - Level 2.0 Dodging
 - Level 1.0 Spellcasting
 - Level 3.0 Hexes


You had 3 spell levels left.
You knew the following spells:

 Your Spells              Type           Power        Failure   Level  Hunger
a - Corona                Hex            ##.....      7%          1    ##.....


Dungeon Overview and Level Annotations

Branches:
Dungeon (2/15)

Altars:

Annotations:
D:2 Sigmund


Innate Abilities, Weirdness & Mutations

You cannot wear most types of armour.
You are very stealthy in the water. (Stealth+)
You are amphibious.
You can wear up to eight rings at the same time.
You can use your tentacles to constrict eight enemies at once.
Your skin changes colour to match your surroundings (Stealth+).
Your rubbery body absorbs attacks. (AC +1, EV +1)


Message History

Sigmund struggles against the net.
The net rips apart, and Sigmund comes free!
Unknown command.
Throwing (i - inventory. (/) - cycle)
b - 2 javelins (quivered)
Press: ? - help, Shift-Dir - straight line, f/p - Sigmund
Aim: Sigmund, wielding a scythe of protection and wearing a robe (heavily wounded)
You throw a javelin. The javelin barely misses Sigmund.
Unknown command.
Quiver which item? (- for none, * to show all) (? for menu, Esc to quit)
Quivering
c - a throwing net for throwing.
Unknown command.
Unknown command.
Sigmund casts a spell at you. The magic dart hits you!
* * * LOW HITPOINT WARNING * * *
Found a scroll labeled BEOPSIXK VIPP.
Unknown command.
Sigmund hits you with a scythe of protection!
Ouch! That really hurt!
You die...

#.......####..
#..............
#........$.....
#)...........?
#...........#
####........##.
#)..........
#....@...#
#...@..(#..
#..[....(.#
#######(#.# # #


You could see Sigmund.

Vanquished Creatures
  2 dart slugs (D:1)
  4 giant cockroaches (D:1)
  4 goblins
  2 hobgoblins
  5 bats (D:1)
  4 kobolds
  4 rats (D:1)
25 creatures vanquished.

Notes
Turn   | Place    | Note
-------+----------+-------------------------------------------
     0 | D:1      | 4thArraOfDagon the Octopode Arcane Marksman began the quest for the Orb.
     0 | D:1      | Reached XP level 1. HP: 13/13 MP: 2/2
    60 | D:1      | Reached XP level 2. HP: 13/18 MP: 3/3
   269 | D:1      | Reached XP level 3. HP: 9/23 MP: 4/4
   416 | D:2      | Noticed Sigmund
   426 | D:2      | Mangled by Sigmund

Vault maps used:
D:1:      erik_arrival_triangle_huge, minmay_bisected
D:2:      first_ration, tso_altar, uniq_sigmund, uniq_jessica

Skill      XL: |  1  2 |
---------------+-------+-----
Throwing       | 3 |  3.5
Fighting       | |  1.0
Dodging        | |  2.0
Spellcasting   | |  1.0
Hexes          | |  3.0

Action                   || total
-------------------------++-------
Melee: Unarmed           ||    62
       Constrict         ||    18
       Tentacles         ||     9
Throw: Javelin           ||    11
       Throwing net      ||     1
  Use: Potion            ||     1
 Stab: Sleeping          ||     1
Armor: Skin              ||     4
Dodge: Dodged            ||    47

Table legend:
 A = Spawn XP
 B = Non-spawn XP
 C = Spawn XP percentage of total XP
 D = Spawn monster count
 E = Non-spawn monster count
 F = Spawn count percentage of total count
 G = Total turns spent on level
                    A         B        C        D         E        F      G
               +---------+---------+-------+---------+---------+-------+---------
         Total |       0 |      42 |   0.0 |       0 |      25 |   0.0 |   426
               +---------+---------+-------+---------+---------+-------+---------
           D:1 |       0 |      37 |   0.0 |       0 |      22 |   0.0 |   367
           D:2 |       0 |       5 |   0.0 |       0 |       3 |   0.0 |    59
               +---------+---------+-------+---------+---------+-------+---------
